 Dungeon Crawl Stone Soup version 0.29-a0-218-gf2abdc9806 (webtiles) character file.

Game seed: 11572549279050123216

297 GabrielManson the Sneak (level 6, 0/44 HPs)
             Began as an Octopode Delver on Feb 25, 2022.
             Slain by a water moccasin (3 damage)
             ... on level 5 of the Dungeon.
             The game lasted 00:03:59 (358 turns).

GabrielManson the Sneak (Octopode Delver)            Turns: 358, Time: 00:03:59

Health: 0/44       AC:  1    Str: 12    XL:     6   Next: 35%
Magic:  7/7        EV: 14    Int: 12    God:
Gold:   19         SH:  0    Dex: 15    Spells: 7/7 levels left

rFire   . . .      SeeInvis .   a - +0 short sword
rCold   . . .      Faith    .   (no shield)
rNeg    . . .      Spirit   .   (helmet restricted)
rPois   .          Reflect  .   (no amulet)
rElec   .          Harm     .   (no ring)
rCorr   .          Rampage  .   (no ring)
Will    .....                   (no ring)
Stlth   ++++......              (no ring)
HPRegen 0.14/turn               (no ring)
MPRegen 0.10/turn               (no ring)
                                (no ring)
                                (no ring)

@: mighty, brilliant, lethally poisoned (0 -> -8), marked
A: almost no armour, amphibious, 8 rings, camouflage 1, gelatinous body 1,
(nimble swimmer 1), tentacles
a: no special abilities


You were on level 5 of the Dungeon.
You visited 1 branch of the dungeon, and saw 1 of its levels.

You collected 19 gold pieces.

Inventory:

Hand Weapons
 a - a +0 short sword (weapon)
Wands
 f - a wand of digging (2)
 g - a wand of iceblast (6)
Scrolls
 b - a scroll of fog
 c - a scroll of magic mapping
 d - 2 scrolls of fear
 i - 2 scrolls of identify {unknown}
Potions
 e - a potion of haste


   Skills:
 + Level 4.5 Fighting
 + Level 3.9 Short Blades
 + Level 3.9 Dodging
 - Level 6.6 Stealth
 + Level 1.2 Spellcasting


You had 7 spell levels left.
You didn't know any spells.
Your spell library contained the following spells:

 Spells                   Type           Power      Damage    Failure   Level
 Magic Dart               Conj           4%         1d3       30%         1
 Searing Ray              Conj           2%         2d4       41%         2
 Fulminant Prism          Conj/Hex       0%         3d6       96%         4


Dungeon Overview and Level Annotations

Branches:
Dungeon (5/15)
 Temple: D:4-7

Altars:
Qazlal


Innate Abilities, Weirdness & Mutations

You cannot wear most types of armour.
You are amphibious.
You can wear up to eight rings at the same time.
Your skin changes colour to match your surroundings (Stealth+).
Your rubbery body absorbs attacks. (AC +1, EV +1)
((You are camouflaged when in or above water. (Stealth+)))
You have tentacles for arms and can constrict up to eight enemies at once.


Message History

You hear a shout!
You hear an angry hiss. x2; You hear a bark!
You hear an angry hiss.
Unknown command.
A water moccasin comes into view.
You see here 13 gold pieces.
An ogre comes into view. It is wielding a +0 giant club.
You see here 13 gold pieces.
The water moccasin bites you. The water moccasin barely misses you.
An adder comes into view.
The water moccasin barely misses you. The adder bites you.
You are poisoned.
The adder poisons you! The water moccasin bites you.
Aiming: Dig
Press: ? - help, Shift-Dir - straight line You can't see that place.
The rock shatters into small pieces.
You feel sick. The water moccasin bites you! The adder bites you.
You are more poisoned.
The adder poisons you!
It was a potion of brilliance.
You feel clever all of a sudden.
You feel sick. The water moccasin bites you.
You are lethally poisoned!
The water moccasin poisons you! The adder barely misses you.
An iguana comes into view.
The water moccasin misses you.
* * * LOW HITPOINT WARNING * * *
You feel very sick. The adder barely misses you. The adder closely misses you.
* * * LOW HITPOINT WARNING * * *
You feel very sick. The water moccasin bites you.
* * * LOW HITPOINT WARNING * * *
It was a potion of might.
You feel very mighty all of a sudden.
* * * LOW HITPOINT WARNING * * *
You feel sick. The water moccasin bites you.
You die...

#....# # ######### #....###
#.......# ######......#
#.......# #...####....#
#.......# #...# #....#
#.......############...####....#
#..>...l....O.S...........†.....
#.......######S#####....######.#
##..$###### ##@# #....## #.#
#.....O..# #.# ####..# #.#
#...####.# ##. ##.# #.# #...# #.
#.# #.# ##### #. #.# #.# .# #.#
#.# # #.# .# #.## #.# ..
##..####.#


You could see a water moccasin, an ogre and an adder.

Vanquished Creatures
  A black bear (D:5)
  An ogre (D:5)
  A scorpion (D:5)
  A hound (D:5)
  A jelly (D:5)
  An adder (D:5)
6 creatures vanquished.

Notes
Turn   | Place    | Note
-------+----------+-------------------------------------------
     0 | D:5      | GabrielManson the Octopode Delver began the quest for the
                  | Orb.
     0 | D:5      | Reached XP level 1. HP: 16/16 MP: 1/1
    46 | D:5      | Reached XP level 2. HP: 21/21 MP: 2/2
    60 | D:5      | Noticed an ogre
    87 | D:5      | Killed an ogre
    88 | D:5      | Reached XP level 3. HP: 27/27 MP: 3/3
    88 | D:5      | Reached XP level 4. HP: 33/33 MP: 4/4
   119 | D:5      | Reached XP level 5. HP: 37/37 MP: 5/5
   178 | D:5      | Noticed a black bear
   180 | D:5      | Killed a black bear
   181 | D:5      | Reached skill level 1 in Spellcasting
   181 | D:5      | Reached XP level 6. HP: 44/44 MP: 5/7
   341 | D:5      | Noticed a water moccasin
   358 | D:5      | Slain by a water moccasin

Illustrated notes

Levels and vault maps discovered:
D:5:      layout_basic, nicolae_qazlal_scattered_showers,
          small_statue_intersection

Skill      XL: |  1  2  3  4  5 |
---------------+----------------+-----
Short Blades   | 3 |  3.9
Dodging        | 3 |  3.9
Fighting       | 4 |  4.5
Spellcasting   | 1 |  1.2
Stealth        | |  6.6

Action                   |  1- 3 |  4- 6 || total
-------------------------+-------+-------++-------
Melee: Short sword       |     4 |     6 ||    10
       Tentacles         |     1 |     2 ||     3
       Constrict         |       |     2 ||     2
Evoke: Wand              |     1 |     2 ||     3
  Use: Potion            |       |     2 ||     2
 Stab: Sleeping          |     1 |     2 ||     3
Dodge: Dodged            |     1 |     8 ||     9

Table legend: (Time is in decaauts)
 A = Elapsed time spent in this place.
 B = Non-inter-level travel time spent in this place.
 C = Inter-level travel time spent in this place.
 D = Time resting spent in this place.
 E = Time spent auto-exploring this place.
 F = Levels seen in this place.
 G = Mean time per level.
                   A        B        C        D        E       F      G
               +--------+--------+--------+--------+--------+-----+--------+
         Total |    357 |    357 |      0 |     57 |    188 |   1 |  357.0 |
       Dungeon |    357 |    357 |      0 |     57 |    188 |   1 |  357.0 |
               +--------+--------+--------+--------+--------+-----+--------+

Top non-repeatable levels by time:
     D:5: 357 daAuts
